 Dungeon Crawl Stone Soup version 0.25.0-1-g7eea58d2a3 (webtiles) character file.

Game seed: 12416407751987935223

254701 HungrySpirit the Fencer (level 19, -5/160 HPs)
             Began as a Vine Stalker Assassin on June 14, 2020.
             Was the Champion of Jiyva.
             Killed from afar by a fire giant (7 damage)
             ... with a bolt of fire
             ... on level 1 of the Depths.
             The game lasted 02:47:51 (43843 turns).

HungrySpirit the Fencer (Vine Stalker Assassin)    Turns: 43843, Time: 02:47:51

Health: -5/160     AC: 26    Str: 13    XL:     19   Next: 24%
Magic:  0/21       EV: 25    Int: 12    God:    Jiyva [******]
Gold:   131        SH: 12    Dex: 28    Spells: 18/18 levels left

rFire    + . .     SeeInvis +   d - +8 scimitar "Zamnuic" {vorpal, +Blink rPois Int+4 Dex-5}
rCold    + . .     Gourm    .   I - +0 buckler
rNeg     . . .     Faith    .   N - +6 acid dragon scales
rPois    +         Spirit   +   q - +2 helmet {SInv}
rElec    .         Reflect  +   Z - +1 cloak of Understanding {Dex+7}
rCorr    +         Harm     .   t - +1 pair of gloves
MR       ++...     Clarity  +   (no boots)
Stlth    ..........             g - amulet of reflection
HPRegen  1.16/turn              G - ring of fire
MPRegen  0.17/turn              S - ring of protection from cold (curse)

@: berserking, about to teleport, very quick
A: fangs 3, talons 1, molten scales 1, see invisible, clarity, clumsy 1, cold
resistance 1, high mp 1, regeneration 2, wild magic 3, magic shield, antimagic
bite, no potion heal 3, rot immunity, MP-powered wands
}: 3/15 runes: decaying, slimy, gossamer
a: Request Jelly, Slimify, Cure Bad Mutation, Renounce Religion, Evoke Blink


You were on level 1 of the Depths.
You worshipped Jiyva.
Jiyva was exalted by your worship.
You were completely stuffed.

You visited 9 branches of the dungeon, and saw 41 of its levels.
You also visited: Sewer, Gauntlet, Ice Cave and Wizlab.

You collected 3238 gold pieces.
You spent 3107 gold pieces at shops.

Inventory:

Hand Weapons
 d - the +8 scimitar "Zamnuic" (weapon) {vorpal, +Blink rPois Int+4 Dex-5}
   (You bought it in a shop on level 2 of the Orcish Mines)

   It inflicts extra damage upon your enemies.
   It affects your intelligence (+4).
   It affects your dexterity (-5).
   It protects you from poison.
   It lets you blink.
 D - a +4 vorpal double sword
Armour
 b - a +1 plate armour of fire resistance
 h - +0 ice dragon scales
 q - a +2 helmet of see invisible (worn)
 t - a +1 pair of gloves (worn)
 I - a +0 buckler (worn)
 N - +6 acid dragon scales (worn)
 Z - the +1 cloak of Understanding (worn) {Dex+7}
   (You found it on level 11 of the Dungeon)

   It affects your dexterity (+7).
Jewellery
 g - an amulet of reflection (around neck)
 p - an uncursed amulet of regeneration
 A - an uncursed ring of stealth
 F - the ring of the Crown {MR+ EV-4}
   (You found it in a Gauntlet)

   [ring of evasion]

   It affects your evasion (-4).
   It affects your resistance to hostile enchantments.
 G - a ring of fire (left hand)
 O - an uncursed ring of ice
 R - the ring "Mabamp" {rPois rN++ MR+ Int-3}
   (You bought it in a shop on level 2 of the Orcish Mines)

   [ring of protection from magic]

   It affects your intelligence (-3).
   It protects you from poison.
   It greatly protects you from negative energy.
   It affects your resistance to hostile enchantments.
 S - a cursed ring of protection from cold (right hand)
Wands
 z - a wand of clouds (6)
 B - a wand of digging (8)
 J - a wand of flame (39)
 M - a wand of random effects (29)
 U - a wand of polymorph (24)
Scrolls
 a - 12 scrolls of remove curse
 n - 5 scrolls of identify
 w - 6 scrolls of amnesia
 x - 6 scrolls of immolation
 y - 6 scrolls of teleportation
 C - 3 scrolls of enchant armour
 H - 2 scrolls of fog
 L - 3 scrolls of torment
 P - 6 scrolls of magic mapping
 V - 3 scrolls of vulnerability
Potions
 e - a potion of magic
 i - 4 potions of flight
 j - 5 potions of curing
 k - 2 potions of might
 l - 6 potions of stabbing
 o - 7 potions of mutation
 r - 4 potions of brilliance
 s - 2 potions of haste
 u - 3 potions of cancellation
 v - 2 potions of ambrosia
 K - 2 potions of berserk rage
 Q - 6 potions of lignification
Comestibles
 f - 45 rations


   Skills:
 + Level 14.4 Fighting
   Level 10.0(13.8) Short Blades
 * Level 15.5(16.5) Long Blades
 - Level 1.7 Throwing
 + Level 13.2 Armour
 + Level 13.2 Dodging
 + Level 7.6 Stealth
 - Level 4.0 Shields


You had 18 spell levels left.
You didn't know any spells.
Your spell library contained the following spells:

 Spells                   Type           Power        Failure   Level  Hunger
 Animate Skeleton         Necr           N/A          67%         1    ##.....
 Apportation              Tloc           #.....       67%         1    ##.....
 Corona                   Hex            #......      67%         1    ##.....
 Infusion                 Chrm           #...         67%         1    ##.....
 Magic Dart               Conj           #...         67%         1    ##.....
 Pain                     Necr           #...         67%         1    ##.....
 Shock                    Conj/Air       #...         67%         1    ##.....
 Summon Small Mammal      Summ           #...         67%         1    ##.....
 Blink                    Tloc           N/A          78%         2    ###....
 Call Imp                 Summ           #.......     78%         2    ###....
 Corpse Rot               Necr/Air       N/A          78%         2    ###....
 Ensorcelled Hibernation  Hex/Ice        #.....       78%         2    ###....
 Shroud of Golubria       Chrm/Tloc      #.....       78%         2    ###....
 Slow                     Hex            #.......     78%         2    ###....
 Song of Slaying          Chrm           #.......     78%         2    ###....
 Call Canine Familiar     Summ           #.......     93%         3    ####...
 Confusing Touch          Hex            #.......     93%         3    ####...
 Conjure Flame            Conj/Fire      #.......     93%         3    ####...
 Dazzling Flash           Conj/Hex       #.....       93%         3    ####...
 Gell's Gravitas          Tloc           #.........   93%         3    ####...
 Lesser Beckoning         Tloc           #.........   93%         3    ####...
 Mephitic Cloud           Conj/Pois/Air  #.......     93%         3    ####...
 Ozocubu's Armour         Chrm/Ice       #.......     93%         3    ####...
 Recall                   Summ/Tloc      N/A          93%         3    ####...
 Spectral Weapon          Hex/Chrm       #.......     93%         3    ####...
 Stone Arrow              Conj/Erth      #.....       93%         3    ####...
 Summon Guardian Golem    Hex/Summ       #.......     93%         3    ####...
 Tukima's Dance           Hex            #.......     93%         3    ####...
 Vampiric Draining        Necr           #.........   93%         3    ####...
 Animate Dead             Necr           N/A          100%        4    #####..
 Petrify                  Tmut/Erth      #.......     100%        4    #####..
 Summon Ice Beast         Ice/Summ       #.......     100%        4    #####..
 Summon Lightning Spire   Summ/Air       #.......     100%        4    #####..
 Agony                    Necr           #.......     100%        5    ######.
 Aura of Abjuration       Summ           #.........   100%        5    ######.
 Metabolic Englaciation   Hex/Ice        #.........   100%        5    ######.
 Summon Demon             Summ           #.........   100%        5    ######.
 Summon Forest            Summ/Tloc      #.........   100%        5    ######.
 Summon Mana Viper        Hex/Summ       #.......     100%        5    ######.
 Yara's Violent Unravell  Hex/Tmut       #.........   100%        5    ######.
 Eringya's Noxious Bog    Tmut/Pois      #.........   100%        6    #######
 Hydra Form               Tmut           #.........   100%        6    #######
 Shadow Creatures         Summ           N/A          100%        6    #######
 Summon Hydra             Summ           #.........   100%        7    #######
 Controlled Blink         Tloc           N/A          100%        8    #######


Dungeon Overview and Level Annotations

Branches:
Dungeon (15/15)            Temple (1/1) D:6            Lair (6/6) D:11
  Swamp (4/4) Lair:4       Spider (4/4) Lair:4        Slime (5/5) Lair:6
    Orc (2/2) D:11            Elf (0/3) Orc:2        Vaults (3/5) D:14
 Depths (1/5) D:15          Sewer (visited)           IceCv (visited)
 WizLab (visited)         Gauntlet (visited)
  Crypt: Vaults:2-3

Altars:
Ashenzari
Cheibriados
Dithmenos
Elyvilon
Fedhas
Gozag
Hepliaklqana
Kikubaaqudgha
Makhleb
Nemelex Xobeh
Okawaru
Qazlal
Ru
Sif Muna
Trog
Uskayaw
Vehumet
Wu Jian
Xom
Yredelemnul
Zin
The Shining One
Beogh
Jiyva

Shops:
D:6 *   D:9 ?   D:10 :   Orc:2 ?*=}*   Vaults:2 [   Depths:1 !:*

Annotations:
D:11 1 runed translucent door
Lair:5 exclusion: oklob plant
Swamp:3 1 runed translucent door, Patate's ghost, adept GrBe
Spider:1 Roxanne
Slime:5 Royal Jelly
Vaults:3 exclusion: door
Depths:1 Sojobo


Innate Abilities, Weirdness & Mutations

You have razor-sharp teeth.
You heal very quickly.
When hurt, damage is shared between your health and your magic reserves.
Your bite disrupts and absorbs the magic of your enemies.
Potions cannot restore your health.
You are immune to rotting.
You have sharp toenails.
You are partially covered in molten scales. (AC +2)
You have supernaturally acute eyesight. (SInv)
You possess an exceptional clarity of mind.
You are clumsy. (Dex -2)
Your flesh is cold resistant. (rC+)
You have an increased reservoir of magic. (+10% MP)
Your spells are much harder to cast, but much more powerful.
You expend magic power (3 MP) to strengthen your wands.


Message History

The titan returns to its original shape as it dies.
Cornered, the fire giant turns to fight!
A red film seems to cover your vision as you go berserk!
You feel yourself moving faster!
You feel mighty!
The fire giant hits you but does no damage.
The frost giant points at you and mumbles some strange words.
The bolt of cold hits the frost giant.
The frost giant resists.
The bolt of cold misses you. The frost giant completely misses you.
You riposte.
You slash the frost giant! You claw the frost giant! You bite the frost giant.
The frost giant's magic leaks into the air.
You drain its magic.
You feel invigorated.
The frost giant is heavily wounded.
You feel a strong urge to attack something.
The frost giant casts a spell at you. The bolt of cold hits you! You resist.
* * * LOW HITPOINT WARNING * * *
The fire giant gestures at you while chanting.
The bolt of fire hits you! You resist.
You die...

####..........
.............
###.........
....... ######
+...@# ##..C.#
#### #.CC..#
...# #..CC##
...+ #..C.#
#### #...##
###'# ..# ####


You could see 3 frost giants and 3 fire giants.

Vanquished Creatures
  Margery (Vaults:2)
  2 caustic shrikes (Depths:1)
  the Lernaean hydra (Swamp:4)
  Arachne (Spider:4)
  4 acid blobs
  A thorn hunter (Swamp:4)
  3 azure jellies
  8 vault wardens
  2 ghost moths (Spider:4)
  A fire giant (Depths:1)
  A frost giant (Depths:1)
  7 emperor scorpions
  7 very ugly things (Depths:1)
  7 ironheart preservers
  5 entropy weavers
  A vampire knight (Vaults:3)
  4 stone giants
  A deep elf demonologist (Vaults:1)
  Nessos (Orc:2)
  3 deep elf annihilators
  A minotaur (Gauntlet)
  2 ettins
  A spark wasp (Spider:2)
  A death ooze (Slime:5)
  Snorg (Orc:2)
  2 fire dragons
  A yaktaur captain (Vaults:3)
  Josephine (D:15)
  A great orb of eyes (Slime:5)
  An ice dragon (Vaults:1)
  2 rakshasas
  5 vault guards
  Harold (D:8)
  Erolcha (D:9)
  20 hydras
  3 centaur warriors
  5 shambling mangroves
  11 alligators
  6 ogre magi
  Erica (D:8)
  3 death yaks
  A vampire mage (D:15)
  A hell hog (Gauntlet)
  A queen ant (Spider:2)
  19 two-headed ogres
  A tengu warrior (D:13)
  4 deep troll earth magi
  7 deep elf knights
  A hell knight (Vaults:2)
  A death drake (Swamp:2)
  4 deep trolls
  2 spriggan druids
  2 skeletal warriors
  A deep troll (shapeshifter) (D:15)
  14 swamp dragons
  A glowing orange brain (shapeshifter) (D:14)
  4 ironbrand convokers
  Pikel (D:9)
  A wizard (Vaults:2)
  2 deep elf archers
  A spectral hydra (Swamp:2)
  14 orb spiders
  4 harpies (Vaults:1)
  8 orc knights
  A necromancer (D:15)
  9 orc sorcerers
  4 manticores
  2 shining eyes (Slime:3)
  23 wolf spiders
  20 ugly things
  4 deep elf magi
  2 cyclopes
  Joseph (D:7)
  Maurice (D:9)
  An ice statue (Lair:3)
  18 elephants
  A moth of wrath (Spider:2)
  3 spriggan zombies
  2 black mambas (Lair:5)
  A black mamba (shapeshifter) (D:14)
  4 vault sentinels
  An eye of devastation (Slime:1)
  A gargoyle (D:15)
  A rime drake (Lair:1)
  18 spiny frogs
  3 komodo dragons
  16 demonic crawlers
  3 swamp worm zombies (Swamp:2)
  3 freezing wraiths
  26 yaktaurs
  A polar bear (shapeshifter) (D:14)
  3 meliai (Spider:3)
  19 hornets
  39 jumping spiders
  5 polar bears
  11 tyrant leeches
  Prince Ribbit (D:7)
  9 hippogriffs
  4 spectral swamp dragons (Swamp:2)
  7 trolls
  75 slime creatures
  18 bog bodies
  16 blink frogs
  A frost giant simulacrum (Vaults:2)
  An ice dragon zombie (D:15)
  2 alligator zombies (Swamp:2)
  A deep troll skeleton (D:15)
  55 redbacks
  10 spriggans
  7 wraiths
  7 shadows
  23 tarantellas
  5 wyverns
  5 water elementals
  A fire bat (Gauntlet)
  31 yaks
  3 hungry ghosts
  4 basilisks
  9 vampire mosquitoes
  3 tyrant leech zombies (Swamp:2)
  3 insubstantial wisps (Swamp:1)
  18 swamp worms
  A naga (shapeshifter) (Vaults:2)
  2 acid dragons
  11 wargs
  8 water moccasins
  20 soldier ants
  10 porcupines
  6 spiny frog zombies (Swamp:2)
  16 ice beasts
  22 orc warriors
  5 sky beasts
  A slave (D:9)
  2 eyes of draining
  14 swamp drakes
  A black bear (shapeshifter) (D:15)
  A necrophage (D:11)
  2 phantoms
  14 wolves
  28 ogres
  13 centaurs
  11 crocodiles
  A big kobold (Sewer)
  13 bullfrogs
  Blork the orc (D:5)
  2 wyvern zombies
  A wyvern skeleton (D:11)
  A hornet simulacrum (D:15)
  4 scorpions
  3 troll zombies
  11 killer bees
  11 electric eels
  A howler monkey (D:14)
  6 crimson imps
  4 centaur zombies
  6 hounds
  A quasit (D:10)
  3 centaur skeletons
  15 orc priests
  3 bullfrog zombies
  5 jellies
  3 bullfrog skeletons
  2 iguanas
  6 hell rats (Lair:3)
  48 orc wizards
  25 worker ants
  6 ogre zombies (D:11)
  A hound zombie (D:7)
  2 hound skeletons (D:10)
  2 worker ant zombies
  Robin (D:4)
  6 adders
  7 gnolls
  2 howler monkey skeletons
  3 shadow imps
  14 white imps
  An adder zombie (D:7)
  An ooze (D:6)
  2 adder skeletons (D:4)
  3 worms
  6 leopard geckos
  72 orcs
  9 bats
  5 giant cockroaches
  12 goblins
  12 hobgoblins
  7 jackals
  3 quokkas
  2 ball pythons
  5 frilled lizards
  3 goblin zombies (D:11)
  2 hobgoblin skeletons (D:11)
  7 hobgoblin zombies (D:11)
  11 kobolds
  A leopard gecko skeleton (D:6)
  3 orc skeletons (D:11)
  10 orc zombies (D:11)
  A quokka skeleton (D:3)
  17 rats
  A briar patch (Swamp:4)
  A withered plant (Swamp:2)
1397 creatures vanquished.

Vanquished Creatures (collateral kills)
  2 acid blobs (Slime:5)
  A thorn hunter (Swamp:4)
  3 hydras
  A vault guard (Vaults:1)
  A spriggan (Swamp:4)
  A hell knight (Vaults:2)
  A spriggan druid (Swamp:3)
  A spectral hydra (Swamp:2)
  A necromancer (Swamp:2)
  3 orb spiders (Spider:2)
  A swamp worm zombie (Swamp:2)
  A tyrant leech (Swamp:3)
  3 hornets
  A blink frog (Swamp:3)
  9 slime creatures
  5 bog bodies
  An alligator zombie (Swamp:2)
  A fire dragon skeleton (D:15)
  2 redbacks
  2 vampire mosquitoes
  2 swamp worms
  A swamp drake (Swamp:4)
  A worker ant (Spider:2)
  4 briar patches (Swamp:4)
49 creatures vanquished.

Vanquished Creatures (others)
  3 acid blobs (Depths:1)
  An azure jelly (Depths:1)
  A great orb of eyes (Depths:1)
  An ogre mage (Vaults:1)
  2 two-headed ogres (Vaults:1)
  A glowing orange brain (Vaults:2)
  2 ironbrand convokers (Vaults:1)
  2 orb spiders (Spider:4)
  A deep elf mage (Vaults:1)
  A phantasmal warrior (Swamp:2)
  2 cyclopes (Vaults:1)
  3 yaktaurs
  A swamp drake (Swamp:4)
  10 knights
  An ogre (Vaults:1)
  10 ancestors
  126 jellies
  3 orc wizards (Vaults:1)
  4 orcs
  2 briar patches (Swamp:4)
  A bush (Swamp:4)
  69 fungi
  37 plants
  A withered plant (D:15)
285 creatures vanquished.

Grand Total: 1731 creatures vanquished

Notes
Turn   | Place    | Note
-------+----------+-------------------------------------------
     0 | D:1      | HungrySpirit the Vine Stalker Assassin began the quest for
                  | the Orb.
     0 | D:1      | Reached XP level 1. HP: 11/11 MP: 2/2
   138 | D:1      | Reached skill level 1 in Dodging
   138 | D:1      | Reached XP level 2. HP: 11/15 MP: 3/3
   742 | D:1      | Found a sacrificial altar of Ru.
   895 | D:2      | Reached XP level 3. HP: 11/18 MP: 1/4
  1360 | D:2      | Reached skill level 1 in Armour
  1441 | D:2      | Gained mutation: Your natural rate of healing is unusually
                  | fast. [Vine Stalker growth]
  1441 | D:2      | Reached XP level 4. HP: 23/23 MP: 5/5
  1569 | D:2      | Found a sparkling altar of Nemelex Xobeh.
  2318 | D:3      | Found an opulent altar of Gozag.
  2534 | D:4      | Reached XP level 5. HP: 27/27 MP: 6/6
  2549 | D:4      | Found a bloodstained altar of Trog.
  2668 | D:4      | Found a snail-covered altar of Cheibriados.
  2669 | D:4      | Found a burning altar of Makhleb.
  2682 | D:4      | Noticed Robin
  2806 | D:4      | Noticed an ogre
  2817 | D:4      | Killed an ogre
  2817 | D:4      | Reached XP level 6. HP: 32/32 MP: 7/7
  2883 | D:4      | Reached XP level 7. HP: 34/36 MP: 8/8
  2986 | D:4      | Killed Robin
  3611 | D:5      | Entered Level 5 of the Dungeon
  3944 | D:5      | Reached skill level 5 in Short Blades
  4160 | D:5      | Noticed Blork the orc
  4168 | D:5      | Killed Blork the orc
  4168 | D:5      | Gained mutation: You have razor-sharp teeth. [Vine Stalker
                  | growth]
  4168 | D:5      | Reached XP level 8. HP: 42/42 MP: 9/9
  4606 | D:6      | Found a glowing golden altar of the Shining One.
  4843 | D:6      | Found a glowing drain.
  4847 | Sewer    | Entered a sewer
  4970 | Sewer    | Found a white marble altar of Elyvilon.
  5141 | D:6      | Found a sparkling altar of Nemelex Xobeh.
  5141 | D:6      | Found a hide-covered altar of Uskayaw.
  5247 | D:6      | Found a staircase to the Ecumenical Temple.
  5264 | Temple   | Entered the Ecumenical Temple
  5461 | D:6      | Reached XP level 9. HP: 44/46 MP: 10/10
  5479 | D:6      | Found Ginewul's Assorted Antiques.
  5482 | D:6      | Bought 2 viscous amethyst potions for 63 gold pieces
  5482 | D:6      | Bought 2 fizzy grey potions for 63 gold pieces
  5482 | D:6      | Bought a scroll labeled LUZOIBRIYXO for 35 gold pieces
  5482 | D:6      | Bought a worn bone wand for 140 gold pieces
  5781 | D:7      | Noticed Joseph
  5791 | D:7      | Killed Joseph
  5791 | D:7      | Reached skill level 5 in Fighting
  5872 | D:7      | Noticed Prince Ribbit
  5885 | D:7      | Killed Prince Ribbit
  6043 | D:7      | Found a blossoming altar of Fedhas.
  6043 | D:7      | Found a glowing silver altar of Zin.
  6045 | D:7      | Found a hazy altar of Hepliaklqana.
  6045 | D:7      | Found a sparkling altar of Nemelex Xobeh.
  6259 | D:7      | Reached skill level 5 in Dodging
  6352 | D:7      | Reached XP level 10. HP: 37/53 MP: 8/11
  6689 | D:8      | Reached skill level 5 in Armour
  6719 | D:8      | Got an encrusted long sword
  6800 | D:8      | Noticed Harold
  6837 | D:8      | Killed Harold
  7076 | D:8      | Noticed Erica
  7095 | D:8      | Killed Erica
  7481 | D:9      | Found a white marble altar of Elyvilon.
  7499 | D:9      | Found Poefocir's Magic Scroll Emporium.
  7508 | D:9      | Bought a scroll of fear for 52 gold pieces
  7508 | D:9      | Bought a scroll of identify for 30 gold pieces
  7508 | D:9      | Bought a scroll of remove curse for 45 gold pieces
  7508 | D:9      | Bought a scroll of random uselessness for 15 gold pieces
  7523 | D:9      | Noticed Erolcha
  7620 | D:9      | Killed Erolcha
  7853 | D:9      | Noticed a two-headed ogre
  7867 | D:9      | Killed a two-headed ogre
  7867 | D:9      | Reached XP level 11. HP: 58/58 MP: 12/12
  7904 | D:9      | Noticed Pikel
  7923 | D:9      | Killed Pikel
  7923 | D:9      | Reached skill level 10 in Short Blades
  7988 | D:9      | Noticed Maurice
  8023 | D:9      | Killed Maurice
  8404 | D:10     | Entered Level 10 of the Dungeon
  8686 | D:10     | Reached skill level 1 in Long Blades
  8722 | D:10     | Found Wixiyxkar's Book Emporium.
  9121 | D:10     | Noticed a two-headed ogre
  9313 | D:10     | Killed a two-headed ogre
  9540 | D:11     | Reached skill level 2 in Long Blades
  9584 | D:11     | Found a stormy altar of Qazlal.
  9589 | D:11     | Got a pitted cloak
  9619 | D:11     | Identified the +1 cloak of Understanding {Dex+7} (You found
                  | it on level 11 of the Dungeon)
  9691 | D:11     | Found a runed translucent door.
  9691 | D:11     | Noticed an angel
  9692 | D:11     | Found a glowing golden altar of the Shining One.
 10058 | D:11     | Found a staircase to the Orcish Mines.
 10407 | D:11     | Reached skill level 3 in Long Blades
 10674 | D:11     | Gained mutation: You heal very quickly. [Vine Stalker
                  | growth]
 10674 | D:11     | Reached XP level 12. HP: 43/65 MP: 10/13
 10962 | D:11     | Found a staircase to the Lair.
 11182 | Lair:1   | Entered Level 1 of the Lair of Beasts
 11339 | Lair:1   | Reached skill level 4 in Long Blades
 12587 | Lair:2   | Found a frozen archway.
 12645 | IceCv    | Entered an ice cave
 12739 | IceCv    | Reached skill level 5 in Long Blades
 13034 | Lair:2   | Noticed a five-headed hydra
 13047 | Lair:2   | Killed a five-headed hydra
 14256 | Lair:3   | Reached XP level 13. HP: 61/70 MP: 12/14
 14844 | Lair:4   | Reached skill level 6 in Long Blades
 14879 | Lair:4   | Found a shadowy altar of Dithmenos.
 15174 | Lair:4   | Found a staircase to the Swamp.
 15307 | Lair:4   | Found a hole to the Spider Nest.
 15562 | Lair:4   | Reached skill level 10 in Fighting
 15667 | Lair:4   | Noticed an ice dragon
 16281 | Lair:6   | Entered Level 6 of the Lair of Beasts
 16508 | Lair:5   | Reached skill level 7 in Long Blades
 17524 | Lair:6   | Reached XP level 14. HP: 49/77 MP: 12/15
 17568 | Lair:6   | Found a staircase to the Slime Pits.
 17572 | Slime:1  | Entered Level 1 of the Pits of Slime
 17913 | Lair:6   | Reached skill level 8 in Long Blades
 18099 | Lair:6   | Reached skill level 10 in Dodging
 18206 | Lair:5   | Reached skill level 10 in Armour
 18727 | Orc:1    | Entered Level 1 of the Orcish Mines
 18864 | Orc:2    | Entered Level 2 of the Orcish Mines
 18888 | Orc:2    | Found Ejefossi's General Store.
 18970 | Orc:2    | Bought the +8 scimitar "Zamnuic" {vorpal, +Blink rPois
                  | Int+4 Dex-5} for 683 gold pieces
 18970 | Orc:2    | Bought a potion of mutation for 88 gold pieces
 18970 | Orc:2    | Bought a scroll of immolation for 38 gold pieces
 18970 | Orc:2    | Bought a potion of stabbing for 44 gold pieces
 19013 | Orc:2    | Noticed Snorg
 19026 | Orc:2    | Killed Snorg
 19171 | Orc:2    | Found a gate leading to a gauntlet.
 19180 | Gauntlet | Entered a Gauntlet
 19180 | Gauntlet | Found a transporter.
 19180 | Gauntlet | Found a transporter.
 19182 | Gauntlet | Found a transporter.
 19183 | Gauntlet | Found a transporter.
 19185 | Gauntlet | Found a transporter.
 19224 | Gauntlet | Found a transporter.
 19226 | Gauntlet | Found a transporter.
 19226 | Gauntlet | Found a transporter.
 19237 | Gauntlet | Found a transporter.
 19253 | Gauntlet | Found a transporter.
 19263 | Gauntlet | Found a transporter.
 19277 | Gauntlet | Found a transporter.
 19298 | Gauntlet | Found a transporter.
 19300 | Gauntlet | Found a runed translucent door.
 19305 | Gauntlet | Found a runed translucent door.
 19309 | Gauntlet | Found a transporter.
 19456 | Gauntlet | Got a wavering turquoise ring
 19532 | Gauntlet | Identified the cursed ring of the Crown {MR+ EV-4} (You
                  | found it in a Gauntlet)
 19534 | Gauntlet | Identified the cursed +2 long sword of Courage {holy,
                  | *Drain rPois rN+ Int+5} (You found it on level 8 of the
                  | Dungeon)
 19628 | Gauntlet | Found the +7 lajatang of Order {silver, rMut}
 20687 | Orc:2    | Found Deiv's Magic Scroll Shop.
 20687 | Orc:2    | Found Vaile's General Store.
 20714 | Orc:2    | Bought a scroll of fog for 30 gold pieces
 20714 | Orc:2    | Bought a scroll of teleportation for 45 gold pieces
 20734 | Orc:2    | Found a roughly hewn altar of Beogh.
 20746 | Orc:2    | Found a staircase to the Elven Halls.
 20820 | Orc:2    | Noticed Nessos
 20831 | Orc:2    | Killed Nessos
 20853 | Orc:2    | Found a roughly hewn altar of Beogh.
 20967 | Orc:2    | Found Acaulon's Jewellery Shop.
 20967 | Orc:2    | Found Nelos's Gadget Shoppe.
 20973 | Orc:2    | Bought the ring "Mabamp" {rPois rN++ MR+ Int-3} for 565
                  | gold pieces
 21097 | D:12     | Found a blossoming altar of Fedhas.
 21252 | D:12     | Reached skill level 9 in Long Blades
 22300 | D:13     | Reached XP level 15. HP: 83/83 MP: 16/16
 23138 | D:14     | Reached skill level 10 in Long Blades
 23217 | D:14     | Found a gate to the Vaults.
 23278 | D:14     | You fall into a shaft and drop 1 floor!
 23278 | D:15     | Entered Level 15 of the Dungeon
 24100 | D:15     | Noticed Josephine
 24122 | D:15     | Killed Josephine
 24407 | D:15     | Found a shadowy altar of Dithmenos.
 24625 | Lair:3   | Got a polished great sword
 24626 | Lair:3   | Identified the cursed +2 great sword of True Grit {holy,
                  | +Blink rF++ rC- rN+} (You found it on level 3 of the Lair
                  | of Beasts)
 24731 | Slime:2  | Noticed an acid blob
 24939 | Temple   | Became a worshipper of Hepliaklqana the Forgotten
 25118 | Spider:1 | Entered Level 1 of the Spider Nest
 25246 | Spider:1 | Noticed Roxanne
 25505 | Spider:1 | Reached skill level 11 in Long Blades
 26365 | Spider:2 | Reached XP level 16. HP: 80/80 MP: 10/17
 26667 | Swamp:1  | Entered Level 1 of the Swamp
 26680 | Swamp:1  | Reached * piety under Hepliaklqana
 27065 | Swamp:1  | Reached skill level 12 in Long Blades
 28639 | Swamp:2  | Reached ** piety under Hepliaklqana
 28940 | Swamp:3  | Remembered your ancestor Lucina as a knight
 29265 | Swamp:3  | Reached skill level 13 in Long Blades
 29485 | Swamp:3  | Reached XP level 17. HP: 85/85 MP: 18/18
 29610 | Swamp:3  | Found a runed translucent door.
 29620 | Swamp:3  | Found a shimmering altar of Xom.
 29620 | Swamp:3  | Noticed Patate's ghost (adept GrBe)
 29993 | Swamp:4  | Entered Level 4 of the Swamp
 31586 | Swamp:4  | Noticed the 27-headed Lernaean hydra
 31606 | Swamp:4  | Got a decaying rune of Zot
 31926 | D:15     | Found a staircase to the Depths.
 32104 | D:15     | Reached skill level 14 in Long Blades
 32123 | D:15     | Reached skill level 1 in Shields
 32264 | Vaults:1 | Entered Level 1 of the Vaults
 32738 | Slime:1  | Noticed an acid blob
 32746 | Slime:1  | Killed an acid blob
 33173 | Slime:1  | Killed an acid blob
 33239 | Slime:1  | Reached XP level 18. HP: 79/90 MP: 19/19
 33402 | Slime:4  | Reached *** piety under Hepliaklqana
 33735 | Slime:5  | Entered Level 5 of the Pits of Slime
 33876 | Slime:5  | Noticed the Royal Jelly
 33877 | Slime:5  | Found a viscous altar of Jiyva.
 34099 | Slime:5  | Fell from the grace of Hepliaklqana
 34099 | Slime:5  | Became a worshipper of Jiyva Jetsos the Shapeless
 34828 | Vaults:1 | Reached * piety under Jiyva
 34876 | Vaults:1 | Reached ** piety under Jiyva
 34915 | Vaults:1 | Reached *** piety under Jiyva
 34963 | Vaults:1 | Gained mutation: You evolve. [Jiyva's grace]
 35014 | Vaults:1 | Found the +8 Wrath of Trog {antimagic, *Rage}
 35083 | Vaults:1 | Reached **** piety under Jiyva
 35085 | Vaults:1 | Gained mutation: Your spells are a little harder to cast,
                  | but a little more powerful. [Jiyva's grace]
 35359 | Vaults:1 | Gained mutation: You possess an exceptional clarity of
                  | mind. [Jiyva's grace]
 35359 | Vaults:1 | Reached ***** piety under Jiyva
 35369 | Vaults:1 | Gained mutation: You have a small jelly attached to you
                  | that may absorb incoming projectiles. [Jiyva's grace]
 35487 | Vaults:1 | Lost mutation: You evolve. [Jiyva's grace]
 35603 | Vaults:1 | Reached ****** piety under Jiyva
 35604 | Vaults:1 | Lost mutation: You have a small jelly attached to you that
                  | may absorb incoming projectiles. [Jiyva's grace]
 35975 | Slime:5  | Gained mutation: Your movements are slightly less
                  | encumbered by armour. (ER -2) [Jiyva's grace]
 35989 | Slime:5  | Gained mutation: Your muscles are strong. (Str +2) [Jiyva's
                  | grace]
 36000 | Slime:5  | Got a slimy rune of Zot
 36002 | Slime:5  | Got a pitted wooden ring
 36009 | Slime:5  | Lost mutation: You possess an exceptional clarity of mind.
                  | [Jiyva's grace]
 36018 | Slime:5  | Got a fine rapier
 36020 | Slime:5  | Identified the Volume of the Floating Compass
 36043 | Slime:5  | Identified the +1 rapier of Insomnia {freeze, Int+8} (You
                  | found it on level 5 of the Pits of Slime)
 36046 | Slime:5  | Identified the ring "Egeysenn" {MP+9 Int+6} (You found it
                  | on level 5 of the Pits of Slime)
 36304 | Swamp:4  | Killed the 23-headed Lernaean hydra
 36605 | Spider:1 | Gained mutation: You have an increased reservoir of magic.
                  | (+10% MP) [Jiyva's grace]
 36772 | Spider:2 | Gained mutation: Your system is resistant to poisons.
                  | (rPois) [Jiyva's grace]
 37246 | Spider:3 | Gained mutation: Your flesh is cold resistant. (rC+)
                  | [Jiyva's grace]
 37708 | Spider:4 | Entered Level 4 of the Spider Nest
 37710 | Spider:4 | Noticed Arachne
 37733 | Spider:3 | Gained mutation: You are clumsy. (Dex -2) [Jiyva's grace]
 37773 | Spider:4 | Killed Arachne
 37940 | Spider:4 | Gained mutation: You have a small jelly attached to you
                  | that may absorb incoming projectiles. [Jiyva's grace]
 38705 | Spider:4 | Gained mutation: You expend magic power (3 MP) to
                  | strengthen your wands. [Jiyva's grace]
 39094 | Spider:4 | Lost mutation: You have a small jelly attached to you that
                  | may absorb incoming projectiles. [Jiyva's grace]
 39126 | Spider:4 | Got a gossamer rune of Zot
 39477 | Vaults:1 | Lost mutation: Your movements are slightly less encumbered
                  | by armour. (ER -2) [Jiyva's grace]
 39529 | Vaults:1 | Gained mutation: Your spells are harder to cast, but more
                  | powerful. [Jiyva's grace]
 39861 | Vaults:1 | Gained mutation: You are frail. (-10% HP) [Jiyva's grace]
 39906 | Vaults:1 | Lost mutation: You are frail. (-10% HP) [Jiyva's power]
 40067 | Vaults:1 | Gained mutation: Your spells are much harder to cast, but
                  | much more powerful. [Jiyva's grace]
 40103 | Vaults:2 | Found Hackue's Antique Armour Shoppe.
 40251 | Vaults:2 | Found a magical portal.
 40320 | WizLab   | Found a transporter.
 40646 | Vaults:2 | Noticed Margery
 40975 | Vaults:2 | Killed Margery
 41001 | Vaults:2 | Gained mutation: You have sharp toenails. [Jiyva's grace]
 41027 | Vaults:2 | Identified the +5 broad axe of Igavituu {flame, *Drain
                  | rPois rC+ Int+4} (You found it on level 2 of the Vaults)
 41078 | Vaults:2 | Gained mutation: You are partially covered in molten
                  | scales. (AC +2) [Jiyva's grace]
 41479 | Vaults:2 | Gained mutation: You possess an exceptional clarity of
                  | mind. [Jiyva's grace]
 41768 | Vaults:3 | Was forgiven by Hepliaklqana
 41775 | Vaults:3 | Reached skill level 5 in Stealth
 41973 | Vaults:2 | Gained mutation: You have a small jelly attached to you
                  | that senses nearby items. [Jiyva's grace]
 42195 | Vaults:3 | Reached skill level 15 in Long Blades
 42440 | Vaults:3 | Lost mutation: Your system is resistant to poisons. (rPois)
                  | [Jiyva's grace]
 42441 | Vaults:3 | Lost mutation: You have a small jelly attached to you that
                  | senses nearby items. [Jiyva's grace]
 42527 | Vaults:3 | Gained mutation: Your rubbery body absorbs attacks. (AC +1,
                  | EV +1) [Jiyva's grace]
 42989 | Orc:2    | Bought a scroll of acquirement for 780 gold pieces
 42989 | Orc:2    | Bought a scroll of magic mapping for 52 gold pieces
 43009 | Orc:2    | Lost mutation: Your rubbery body absorbs attacks. (AC +1,
                  | EV +1) [Jiyva's grace]
 43019 | Orc:2    | Bought a cursed ring of protection from cold for 308 gold
                  | pieces
 43056 | Orc:2    | Gained mutation: You have supernaturally acute eyesight.
                  | (SInv) [Jiyva's grace]
 43182 | D:6      | Bought a bubbling white potion for 31 gold pieces
 43344 | Depths:1 | Entered Level 1 of the Depths
 43488 | Depths:1 | Noticed a caustic shrike
 43489 | Depths:1 | Noticed a caustic shrike
 43489 | Depths:1 | Noticed a caustic shrike
 43489 | Depths:1 | Noticed a caustic shrike
 43491 | Depths:1 | Noticed a caustic shrike
 43496 | Depths:1 | Slimified a caustic shrike
 43496 | Depths:1 | a caustic shrike changed into an acid blob
 43505 | Depths:1 | Slimified a caustic shrike
 43505 | Depths:1 | a caustic shrike changed into an azure jelly
 43509 | Depths:1 | Slimified a caustic shrike
 43509 | Depths:1 | a caustic shrike changed into an acid blob
 43525 | Depths:1 | Killed a caustic shrike
 43525 | Depths:1 | Reached XP level 19. HP: 53/106 MP: 21/21
 43532 | Depths:1 | Killed a caustic shrike
 43756 | Depths:1 | Found Ryqus's Distillery.
 43758 | Depths:1 | Found Buireume's Book Boutique.
 43761 | Depths:1 | Found Depioj's General Store.
 43780 | Depths:1 | Noticed Sojobo
 43790 | Depths:1 | Lost mutation: Your muscles are strong. (Str +2) [Jiyva's
                  | grace]
 43839 | Depths:1 | HP: 3/107 [fire giant/bolt of fire (7)]
 43842 | Depths:1 | HP: 1/160 [frost giant/bolt of cold (8)]
 43843 | Depths:1 | Killed from afar by a fire giant

Illustrated notes

Levels and vault maps discovered:
D:1:      dpeg_arrival_water_altar, layout_loops_ring
D:2:      layout_rooms, nemelex_xobeh_ov_fountains_minmay
D:3:      layout_rooms, grunt_gozag_statues
D:4:      layout_gridville, chequers_temple_overflow_statue_of_worship,
          nicolae_overflow_crystal_walls, uniq_robin
D:5:      layout_gridville, first_ration, uniq_blork_the_orc
D:6:      layout_basic, tso_altar, gammafunk_temple_overflow_elements,
          minmay_temple_entry_sparse_star, serial_shops, kennysheep_mini_moat,
          gup_sewer_entry_spiral, minmay_chambers_of_fives
D:7:      minmay_the_grid_octo_tiled_octocenter
          [minmay_the_grid_octo_fan_narrow, minmay_the_grid_octo_shrine,
          minmay_the_grid_octo_checkered, minmay_the_grid_octo_toaster,
          minmay_the_grid_octo_prize_big_c,
          minmay_the_grid_square_5x5_trominoes,
          minmay_the_grid_square_5x5_eight, minmay_the_grid_square_5x5_n,
          minmay_the_grid_square_5x5_inner_v], layout_gridville,
          dk_noncrumbling_4, grunt_ogre_cave, uniq_joseph, uniq_prince_ribbit1
D:8:      layout_loops_cross, uniq_erica, uniq_harold
D:9:      layout_long_grid, elyvilon_altar_1, serial_shops, shop,
          billiards_dpeg, uniq_pikel, uniq_erolcha, uniq_maurice
D:10:     layout_small_grid, serial_shops, nicolae_shop_waterfront,
          chequers_serial_rivers_micro_a
D:11:     layout_basic, due_lair_maze_entry_diamond, zombieorc2_lemuel,
          serial_curves, eino_curves_03, eino_curves_04, basic_altar,
          st_stairs_14, lemuel_angel_altar
D:12:     layout_long_grid, fedhas_altar_1
D:13:     layout_basic
D:14:     layout_loops_ring, david_vaults_2, minmay_misc_feat_five
D:15:     gammafunk_depths_entry_grave, layout_loops_cross,
          grunt_dithmenos_shadows, uniq_josephine
Temple:   eino_temple_lava
Lair:1:   layout_misc_corridors, nicolae_quartered_pool_little,
          serial_bayou_pond_a, grunt_megastairs_5
Lair:2:   layout_concentric_octagons, portal_ice_cave_entry_imps
Lair:3:   layout_chaotic_city, ice2_lemuel
Lair:4:   dragon1_lemuel, layout_loops_ring, swamp_mist_pool,
          spider_nest_entry_rubble, basic_altar
Lair:5:   layout_regular_city, minmay_lair_oklob_bushes,
          small_statue_intersection
Lair:6:   grunt_lair_end_beastmaster, layout_regular_city,
          dpeg_slime_entry_corner
Swamp:1:  layout_basic_swamp, hangedman_swamp_ruin_wall, swamp_pool5,
          st_swamp_ruins_2, infiniplex_staircase_pool
Swamp:2:  cheibrodos_swamp_mausoleum, layout_basic_swamp,
          evilmike_swamp_ruin_wall, swamp_pool5
Swamp:3:  layout_basic_swamp, ebering_ghost_xom, evilmike_swamp_ruin_house_4,
          swamp_pool3
Swamp:4:  grunt_swamp_rune_castle, layout_basic_swamp
Spider:1: layout_spider_delve, drop_trap, uniq_roxanne
Spider:2: layout_spider_delve, zaba_antful_of_joy, nicolae_spider_cling_halls
Spider:3: layout_spider_delve, drop_trap, hangedman_spider_mandibles
Spider:4: grunt_spider_rune_circles, drop_trap, nicolae_crawler_farm,
          uniq_arachne
Slime:1:  layout_caves
Slime:2:  layout_caves
Slime:3:  layout_caves
Slime:4:  layout_caves
Slime:5
Orc:1:    layout_diamond_mine
Orc:2:    st_orc_town, layout_caves, gauntlet_entry_generic, serial_shops,
          shop_fountains, mines1_david, uniq_snorg, uniq_nessos
Vaults:1: hangedman_vaults_slice, grunt_vaults_hallway_long, v_misc_28,
          vaults_room_hallway, ontoclasm_vaults_spin, nicolae_vaults_murderbox,
          vaults_room_corners, vaults_room_fours, v_alt_pattern_6,
          grunt_vaults_hallway_short, layout_vaults_chaotic_city
Vaults:2: vaults_dpeg_ring, hangedman_vaults_maws, v_rooms_2, vaults_room_pools,
          nicolae_vaults_specimen_jars, layout_vaults_omnigrid, serial_shops,
          nicolae_shop_crystal, infiniplex_enter_wizlab_glasses, uniq_margery
Vaults:3: vaults_room_stairs_pillars, nicolae_vaults_shelves_hall,
          nicolae_vaults_network_barrier, hangedman_vaults_hat,
          minmay_crypt_entry_simple_box, v_misc_27, hangedman_vaults_nails,
          hangedman_vaults_trim, ontoclasm_vaults_shuriken,
          nicolae_vaults_little_squares_6, v_misc_27, v_alt_pattern_1,
          ontoclasm_vaults_ligature, layout_vaults_maze_snakey
Depths:1: layout_gridlike, grunt_hell_entry_dis_mu, lightli_giant_bouncers,
          minmay_shop_star, serial_bayou_shore_a, uniq_sojobo

Skill      XL: |  1  2  3  4  5  6  7  8  9 10 11 12 13 14 15 16 17 18 |
---------------+-------------------------------------------------------+-----
Short Blades   | 2 3 4 5 6 8 9 10 | 10.0
Dodging        | 1 2 3 4 5 6 7 8 9 10 11 12 13 | 13.2
Fighting       | 2 3 4 5 7 8 9 10 11 12 13 14 | 14.4
Armour         | 1 2 3 4 6 7 8 9 10 11 12 13 | 13.2
Long Blades    | 3 5 7 9 11 13 14 15 | 15.5
Shields        | 2 4 |  4.0
Stealth        | 7 |  7.6
Throwing       | |  1.7

Action                   |  1- 3 |  4- 6 |  7- 9 | 10-12 | 13-15 | 16-18 | 19-21 || total
-------------------------+-------+-------+-------+-------+-------+-------+-------++-------
Melee: Dagger            |    56 |   204 |   399 |  1086 |   653 |       |       ||  2398
       Bite              |    13 |    62 |   152 |   627 |   883 |  1465 |    50 ||  3252
       Scimitar          |       |       |       |   110 |   927 |  2505 |    65 ||  3607
       Long sword        |       |       |       |       |    22 |       |       ||    22
       Kick              |       |       |       |       |       |   183 |    52 ||   235
Throw: Dart              |       |     2 |    12 |    22 |    23 |    10 |       ||    69
       Throwing net      |       |       |       |     8 |     1 |       |       ||     9
       Javelin           |       |       |       |     3 |       |       |       ||     3
Invok: Ancestor Life: Kn |       |       |       |       |       |     1 |       ||     1
       Ancestor Identity |       |       |       |       |       |     1 |       ||     1
       Recall Ancestor   |       |       |       |       |       |     2 |       ||     2
       Slimify           |       |       |       |       |       |     5 |     1 ||     6
       Request Jelly     |       |       |       |       |       |     1 |       ||     1
       Cure Bad Mutation |       |       |       |       |       |     1 |       ||     1
Evoke: Wand              |     2 |     3 |     7 |    23 |    48 |    24 |       ||   107
  Use: Scroll            |       |       |       |       |    30 |    35 |     4 ||    69
       Potion            |       |       |       |       |     5 |     6 |     1 ||    12
 Stab: Sleeping          |     9 |     2 |       |       |       |    10 |       ||    21
       Held in net/web   |       |       |       |     5 |       |       |       ||     5
       Betrayed ally     |       |       |       |     1 |       |       |       ||     1
       Paralysed         |       |       |       |       |     6 |       |       ||     6
       Distracted        |       |       |       |       |     5 |    16 |       ||    21
  Eat: Chunk             |     2 |     4 |    12 |    18 |    21 |    11 |       ||    68
       Ration            |       |       |       |     3 |     6 |     6 |       ||    15
Armor: Robe              |     8 |     4 |       |       |       |       |       ||    12
       Chain mail        |       |    92 |   133 |    82 |       |       |       ||   307
       Plate armour      |       |       |       |   253 |   694 |   461 |       ||  1408
       Skin              |       |       |       |     7 |       |       |       ||     7
       Acid dragon scale |       |       |       |       |       |   462 |    19 ||   481
Dodge: Dodged            |    25 |    57 |    87 |   261 |   618 |  1781 |    43 ||  2872
Block: Other             |     5 |    33 |    62 |   140 |   244 |       |       ||   484
       Reflection        |       |       |     2 |     5 |     4 |    26 |     2 ||    39
       Buckler           |       |       |       |       |       |   705 |    20 ||   725
       Rpst.: Scimitar   |       |       |       |     9 |   105 |   326 |    20 ||   460
       Long sword        |       |       |       |       |     1 |       |       ||     1
